 Dungeon Crawl Stone Soup version 0.31-a0-149-g3fdcc5976a (webtiles) character file.

Game seed: 2353746150980167970

2125 comborobin the Basher (level 9, 0/81 HPs)
             Began as a Gargoyle Delver on June 8, 2023.
             Was a Believer of Trog.
             Slain by a wight
             ... wielding a +0 battleaxe
              (2 damage)
             ... on level 7 of the Dungeon.
             The game lasted 00:07:01 (5137 turns).

comborobin the Basher (Gargoyle Delver)             Turns: 5137, Time: 00:07:02

Health: 0/81       AC: 24    Str: 20    XL:     9   Next: 29%
Magic:  9/9        EV:  2    Int: 11    God:    Trog [**....]
Gold:   873        SH:  0    Dex: 11    Spells: 8/8 levels left

rFire   . . .        a - +0 morningstar
rCold   . . .        (no shield)
rNeg    + . .        o - melded +0 scale mail
rPois   ∞            (helmet currently unavailable)
rElec   .            (cloak currently unavailable)
rCorr   .            (gloves currently unavailable)
SInv    .            C - melded +0 pair of boots
Will    +++..        (no amulet)
Stlth   +++          i - ring of willpower
HPRegen 1.33/turn    (no ring)
MPRegen 0.11/turn

%: no passive effects
@: tree-form, strong-willed (expiring), on berserk cooldown, regenerating
(expiring), slowed, very slow
A: stationary, stasis, torment immunity, boosted hp, sickness immunity, AC +6,
negative energy resistance 1, (electricity resistance), torment resistance 1,
petrification resistance, (hooves 1)
a: Renounce Religion, Berserk, Trog's Hand


You were on level 7 of the Dungeon.
You worshipped Trog.
Trog was pleased with you.
You were a tree.
You visited 1 branch of the dungeon, and saw 7 of its levels.

You collected 873 gold pieces.

Inventory:

Hand Weapons
 a - a +0 morningstar (weapon)
 w - a +1 whip of draining
Armour
 b - a +0 leather armour
 f - a +2 robe of willpower
 k - a +0 ring mail
 o - a +0 scale mail (melded)
 q - an orb of wrath
 r - a scarf of harm
 s - a +0 plate armour
 C - a +0 pair of boots (melded)
 D - an orb of guile
 J - a +0 tower shield
Jewellery
 i - a ring of willpower (left branch)
 I - a +6 ring of intelligence
Wands
 g - a wand of digging (3)
 B - a wand of flame (42)
Scrolls
 c - 2 scrolls of fog
 e - a scroll of fear
 j - 4 scrolls of identify {unknown}
 m - 4 scrolls of teleportation {unknown}
 u - 3 scrolls of silence {unknown}
 v - 2 scrolls of immolation {unknown}
 y - a scroll of enchant weapon {unknown}
 A - 2 scrolls of brand weapon {unknown}
 E - a scroll of vulnerability {unknown}
 F - a scroll of enchant armour {unknown}
Potions
 d - 2 potions of heal wounds {unknown}
 h - 2 potions of lignification
 l - a potion of ambrosia {unknown}
 n - 3 potions of berserk rage {unknown}
 p - 2 potions of degeneration {unknown}
 t - a potion of resistance {unknown}
 x - a potion of brilliance
 z - 2 potions of attraction {unknown}
 G - a potion of enlightenment {unknown}
 H - 2 potions of might {unknown}


   Skills:
 - Level 5.0 Fighting
 * Level 9.6 Maces & Flails
 + Level 7.1 Armour
 - Level 1.5 Dodging
 - Level 5.4 Stealth


You had 8 spell levels left.
You didn't know any spells.
Your spell library contained the following spells:

 Spells                   Type           Power      Damage    Failure   Level
 Anguish                  Hex/Necr       0%         N/A       98%         4
 Cause Fear               Hex            0%         N/A       98%         4
 Enfeeble                 Hex            0%         N/A       100%        7


Dungeon Overview and Level Annotations

Branches:
Dungeon (7/15)             Temple (0/1) D:6

Altars:
Kikubaaqudgha
Sif Muna
Trog
Vehumet
Wu Jian
Xom
Yredelemnul
Zin

Shops:
D:6 *


Innate Abilities, Weirdness & Mutations

You are a tree.
Your roots penetrate the ground, keeping you stationary.
You cannot be teleported.
You are immune to unholy pain and torment.
Your maximum health is greatly increased.
Your equipment is partially melded.
You are immune to sickness and miasma.
((Your stone body is resilient. (AC +6)))
You are immune to poison.
You resist negative energy. (rN+)
((You are resistant to electric shocks. (rElec)))
You are resistant to unholy torment.
You are immune to petrification.
((You have large cloven feet.))


Message History

You are exhausted.
You feel yourself slow down.
You barely miss the wight.
The wight is heavily damaged.
The wight hits you but does no damage. The wight hits you with a +3 dagger.
The wight barely misses you. The wight hits you with a +3 dagger!
* * * LOW HITPOINT WARNING * * *
Your skin crawls.
You feel strong-willed. The wight hits you but does no damage.
The wight hits you with a +3 dagger.
* * * LOW HITPOINT WARNING * * *
The wight attacks as you move away! The wight completely misses you.
The wight attacks as you move away! The wight misses you.
The wight hits you but does no damage.
Things that are here:
a +0 dagger; a +0 robe Really quaff the potion of lignification?
Okay, then.
There are monsters nearby!
Really quaff the potion of lignification?
You turn into a tree.
Your +0 pair of boots melds into your body.
Your +0 scale mail melds into your body.
Your roots penetrate the ground.
The wight hits you but does no damage.
You barely miss the wight. The wight hits you but does no damage.
The wight hits you with a +0 battleaxe.
* * * LOW HITPOINT WARNING * * *
Unknown command.
You puncture the wight!
The wight is severely damaged.
The wight hits you with a +0 battleaxe.
* * * LOW HITPOINT WARNING * * *
Unknown command.
You closely miss the wight.
The wight is severely damaged.
You feel the effects of Trog's Hand fading.
The wight hits you with a +0 battleaxe!
* * * LOW HITPOINT WARNING * * *
The wight hits you with a +0 battleaxe.
You die...

#.##.≈.....≈
#####.##.≈.≈≈≈.≈
#......#.≈≈...≈≈
###......#.≈≈._.≈≈
#........#.≈≈...≈≈
#........#.≈.≈≈≈.≈
#........#)≈.....≈
#.#......#..≈≈≈≈≈.
#.#......♣#########
#.#......#z####....
#.####....z........
#...##.###.........
#####.##.#
#.##:....: #
#........# ...
.....# #
#'#####+##.#..
..... # ##.## #.#.#
..... #####...## #
..# ....


You could see 2 wights.

Vanquished Creatures
  Sigmund (D:5)
  2 ice beasts (D:6)
  An orc warrior (D:6)
  3 ogres
  A black bear (D:5)
  3 phantoms
  A bullfrog (D:7)
  5 scorpions
  2 wights (D:7)
  4 killer bees (D:6)
  A jelly (D:5)
  2 orc priests
  2 hounds
  2 iguanas (D:6)
  4 orc wizards
  4 gnolls (D:3)
  8 adders
  2 dart slugs (D:1)
  7 orcs
  5 endoplasms
  2 giant cockroaches
  10 hobgoblins
  A quokka (D:1)
  3 ball pythons
  6 bats
  4 frilled lizards
  10 goblins
  6 kobolds
  A rat (D:2)
103 creatures vanquished.

Notes
Turn   | Place    | Note
-------+----------+-------------------------------------------
     0 | D:5      | comborobin the Gargoyle Delver began the quest for the Orb.
     0 | D:5      | Reached XP level 1. HP: 14/14 MP: 1/1
    12 | D:5      | Became a worshipper of Trog the Wrathful
   223 | D:4      | Reached skill level 1 in Armour
   223 | D:4      | Reached XP level 2. HP: 19/19 MP: 2/2
   307 | D:4      | Found an ornate altar of the Wu Jian Council.
   334 | D:4      | Noticed a scorpion
   352 | D:4      | Killed a scorpion
   353 | D:4      | Reached skill level 3 in Maces & Flails
   353 | D:4      | Reached XP level 3. HP: 10/23 MP: 3/3
   353 | D:4      | Reached XP level 4. HP: 12/28 MP: 4/4
   515 | D:4      | Identified a scroll of acquirement
   515 | D:4      | Acquired 590 gold pieces
   567 | D:3      | Reached skill level 4 in Maces & Flails
   618 | D:3      | Gained mutation: You have large cloven feet. [potion of
                  | mutation]
   618 | D:3      | Gained mutation: You have hidden genetic defects. [potion
                  | of mutation]
   618 | D:3      | Lost mutation: You have hidden genetic defects. [potion of
                  | mutation]
   736 | D:2      | Reached XP level 5. HP: 32/32 MP: 5/5
   958 | D:2      | Found a faded altar of an unknown god.
  1298 | D:1      | Reached * piety under Trog
  1705 | D:3      | Reached XP level 6. HP: 24/38 MP: 6/6
  2318 | D:4      | Reached ** piety under Trog
  2358 | D:4      | Reached skill level 5 in Maces & Flails
  2516 | D:4      | Reached XP level 7. HP: 41/44 MP: 7/7
  2819 | D:5      | Noticed Sigmund
  2826 | D:5      | Killed Sigmund
  2827 | D:5      | Reached skill level 5 in Fighting
  2827 | D:5      | Reached skill level 6 in Maces & Flails
  2931 | D:5      | Reached XP level 8. HP: 23/49 MP: 8/8
  3111 | D:5      | Reached skill level 7 in Maces & Flails
  3111 | D:5      | Reached skill level 5 in Armour
  3254 | D:5      | Found a radiant altar of Vehumet.
  3270 | D:5      | Found an ancient bone altar of Kikubaaqudgha.
  3284 | D:5      | Found a shimmering blue altar of Sif Muna.
  3416 | D:5      | Found a glowing silver altar of Zin.
  3811 | D:6      | Reached skill level 8 in Maces & Flails
  4042 | D:6      | Found Wguycsat's Whimsical Warehouse.
  4350 | D:6      | Found a staircase to the Ecumenical Temple.
  4365 | D:6      | Reached XP level 9. HP: 44/54 MP: 9/9
  4429 | D:6      | Reached skill level 9 in Maces & Flails
  5003 | D:7      | Identified the staff of earth "Weism" {rN+}
  5094 | D:7      | Found a basalt altar of Yredelemnul.
  5137 | D:7      | HP: 2/81 [wight/+0 battleaxe (9)]
  5137 | D:7      | Slain by a wight

Illustrated notes

Levels and vault maps discovered:
D:1:      heliophobic_arrival_battle_scene, layout_rooms
D:2:      layout_rooms, shapermc_ecumenical_altar_gd
D:3:      layout_loops_ring
D:4:      layout_cave_pods, mainiacjoe_overflow_boulevard
D:5:      layout_loops_ring, palyth_temple_overflow_mages,
          nicolae_overflow_hidden_temple, zin_statuary,
          minmay_misc_feat_pillars, uniq_sigmund
D:6:      layout_loops_cross, minmay_temple_entry_offerings,
          kennysheep_cluttered_room, minmay_misc_feat_iff,
          dreamdust_princess_bridge, nrook_loot_triangle, dk_vineyard_1,
          nicolae_alphabet_shops, minivault_25
D:7:      layout_basic, mainiacjoe_overflow_paths, serial_shops,
          nicolae_shop_behind_doors, nicolae_hexahallways,
          doesnt_shop_hydraphobe

Skill      XL: |  1  2  3  4  5  6  7  8  9 |
---------------+----------------------------+-----
Armour         | 1 2 3 4 6 7 |  7.1
Maces & Flails | 3 4 5 6 8 9 |  9.6
Fighting       | 4 5 |  5.0
Dodging        | |  1.5
Stealth        | |  5.4

Action                     |  1- 3 |  4- 6 |  7- 9 || total
---------------------------+-------+-------+-------++-------
  Melee: Mace              |    34 |     3 |       ||    37
         Morningstar       |       |   175 |   198 ||   373
         Kick              |       |    36 |     1 ||    37
         Punch             |       |     1 |     4 ||     5
         Whip              |       |       |    26 ||    26
 Invoke: Berserk           |       |     2 |     3 ||     5
         Trog's Hand       |       |       |     2 ||     2
    Use: Scroll            |     1 |     1 |       ||     2
         Potion            |       |     2 |     5 ||     7
   Stab: Sleeping          |     2 |     4 |     2 ||     8
 Armour: Ring mail         |    23 |       |       ||    23
         Scale mail        |       |   165 |   149 ||   314
         Skin              |       |       |    72 ||    72
  Dodge: Dodged            |    20 |   123 |   152 ||   295

Table legend: (Time is in decaauts)
 A = Elapsed time spent in this place.
 B = Non-inter-level travel time spent in this place.
 C = Inter-level travel time spent in this place.
 D = Time resting spent in this place.
 E = Time spent auto-exploring this place.
 F = Levels seen in this place.
 G = Mean time per level.
                   A        B        C        D        E       F      G
               +--------+--------+--------+--------+--------+-----+--------+
         Total |   5222 |   4953 |    269 |    450 |   3231 |   7 |  746.0 |
       Dungeon |   5222 |   4953 |    269 |    450 |   3231 |   7 |  746.0 |
               +--------+--------+--------+--------+--------+-----+--------+

Top non-repeatable levels by time:
     D:6: 1454 daAuts
     D:5: 927 daAuts
     D:4: 864 daAuts
     D:3: 790 daAuts
     D:2: 593 daAuts
     D:1: 413 daAuts
     D:7: 179 daAuts
